 Dungeon Crawl Stone Soup version 0.20.0 (webtiles) character file.

18644 ChungusAmongUs the Protected (level 12, -16/106 HPs)
             Began as a Minotaur Berserker on July 20, 2017.
             Was a High Priest of Trog.
             Demolished by an enormous slime creature (40 damage)
             ... on level 13 of the Dungeon.
             The game lasted 00:50:46 (14566 turns).

ChungusAmongUs the Protected (Minotaur Berserker)  Turns: 14566, Time: 00:50:46

Health: -16/106    AC: 28    Str: 23    XL:     12   Next: 29%
Magic:  11/11      EV: 10    Int:  7    God:    Trog [*****.]
Gold:   716        SH:  9    Dex: 16    Spells: 11/11 levels left

rFire    . . .     SeeInvis .   b - +10 morningstar "Eos" {elec, Halo rElec}
rCold    . . .     Gourm    .   D - +3 buckler of Resourcefulness {*Drain Int+3 Stlth+}
rNeg     . . .     Faith    .   E - +1 crystal plate armour
rPois    .         Spirit   .   (helmet restricted)
rElec    +         Reflect  .   o - +1 cloak
rCorr    .         Harm     .   d - +0 pair of gloves
MR       +....                  (no boots)
Stlth    ..........             B - amulet of regeneration
Regen    0.7/turn               h - +2 ring of dexterity
MPRegen  0.2/turn               r - ring of protection from magic

@: glowing
A: retaliatory headbutt, horns 2
a: Berserk, Trog's Hand, Brothers in Arms, Burn Spellbooks, Renounce Religion


You were on level 13 of the Dungeon.
You worshipped Trog.
Trog was extremely pleased with you.
You were full.

You visited 1 branch of the dungeon, and saw 13 of its levels.
You also visited: Sewer.

You collected 716 gold pieces.

Inventory:

Hand Weapons
 b - the +10 morningstar "Eos" (weapon) {elec, Halo rElec}
   (Trog gifted it to you on level 11 of the Dungeon)

   Occasionally, upon striking a foe, it will discharge some electrical energy
   and cause terrible harm.
   It insulates you from electricity.
 k - a +0 whip
 u - a +0 whip
 H - a +1 antimagic eveningstar
Armour
 d - a +0 pair of gloves (worn)
 o - a +1 cloak (worn)
 D - the +3 buckler of Resourcefulness (worn) {*Drain Int+3 Stlth+}
   (You took it off a crimson imp on level 12 of the Dungeon)

   It affects your intelligence (+3).
   It causes draining when unequipped.
   It makes you more stealthy.
 E - a +1 crystal plate armour (worn)
 R - +0 acid dragon scales
Jewellery
 h - a +2 ring of dexterity (left hand)
 r - a ring of protection from magic (right hand)
 v - an uncursed ring of resist corrosion {unknown}
 B - an amulet of regeneration (around neck)
 I - an uncursed amulet of rage {unknown}
 K - an uncursed ring of protection from cold
 L - an uncursed ring of flight
 M - an uncursed ring of protection from cold
 O - an uncursed ring of fire
 Q - a +6 ring of evasion {unknown}
 S - an uncursed ring of ice {unknown}
Wands
 p - a wand of disintegration (2/24)
 t - a wand of iceblast (8/15)
Scrolls
 e - a scroll of immolation {unknown}
 f - 2 scrolls of fear
 j - 6 scrolls of teleportation
 m - 3 scrolls of recharging {unknown}
 n - 2 scrolls of enchant armour
 q - a scroll of amnesia {unknown}
 w - 2 scrolls of fog {unknown}
 x - 2 scrolls of blinking {unknown}
 y - 3 scrolls of enchant weapon
 z - a scroll of identify
 A - 2 scrolls of magic mapping
 C - 4 scrolls of remove curse
 N - a scroll of random uselessness {unknown}
Potions
 a - 3 potions of curing
 g - a potion of haste
 s - 2 potions of agility
 F - 2 potions of might
 G - 3 potions of mutation
 J - 2 potions of lignification {unknown}
Comestibles
 c - a bread ration
 i - 7 fruits
 l - 7 royal jellies
 P - 6 chunks of flesh


   Skills:
 - Level 10.2 Fighting
 + Level 12.6 Maces & Flails
 - Level 14.5 Armour
 - Level 9.2 Dodging
 - Level 5.7 Shields


You had 11 spell levels left.
You didn't know any spells.

Dungeon Overview and Level Annotations

Branches:
Dungeon (13/15)            Temple (0/1) D:5            Lair (0/6) D:11
    Orc (0/2) D:10
 Vaults: D:13-14

Altars:
Elyvilon
Gozag
Kikubaaqudgha
Nemelex Xobeh
Okawaru
Qazlal
Ru
Sif Muna
Trog
Uskayaw
Vehumet
Xom
The Shining One
Beogh

Shops:
D:13 (


Innate Abilities, Weirdness & Mutations

You reflexively headbutt those who attack you in melee.
You have a pair of horns on your head.


Message History

You headbutt the enormous slime creature!
The enormous slime creature is heavily wounded.
The enormous slime creature completely misses you.
You furiously retaliate!
You headbutt the enormous slime creature.
You impale the enormous slime creature!!
The enormous slime creature is severely wounded.
The enormous slime creature hits you!!!
Ouch! That really hurt!
You puncture the enormous slime creature!
You headbutt the enormous slime creature!
The enormous slime creature is severely wounded.
You block the enormous slime creature's attack.
You thump the enormous slime creature!
You headbutt the enormous slime creature!
The enormous slime creature is severely wounded.
The enormous slime creature hits you!!
* * * LOW HITPOINT WARNING * * *
You feel better. The enormous slime creature hits you!!!
You die...

.....#....#....#.#........
.....#....#....#.#.......%
.....#....#....#.#........
.....#....#....#.#.Jz.....
.....#....#....#.'..J.....
..(..#....#....#z#....z...
.†)).#....#....#z#........
..)..#....#...)#J#........
.....#..÷.#....#@#........
.....#....#....#.#........
.....#....#....#.#########
.....###'##....#..
[..............#..
#..............#...
#......##......#...
#......##......#...#
#.........<....#


You could see an enormous slime creature and 2 wights.

Vanquished Creatures
  Erolcha (D:9)
  A yaktaur captain (D:11)
  3 two-headed ogres
  An unseen horror (D:10)
  Pikel (D:6)
  3 ugly things
  2 slime creatures (D:13)
  A cyclops (D:13)
  A manticore (D:12)
  Psyche (D:9)
  A gargoyle (D:11)
  A centaur skeleton (D:12)
  A kobold demonologist (D:13)
  A komodo dragon (D:13)
  A troll (D:10)
  A hornet (D:12)
  Grinder (D:5)
  A hippogriff (D:7)
  Sigmund (D:6)
  A shadow (D:11)
  A wyvern (D:11)
  7 yaks
  A hungry ghost (D:13)
  2 acid dragons (D:13)
  A water moccasin (D:9)
  8 orc warriors
  3 ice beasts
  4 sky beasts
  A black bear (D:10)
  3 phantoms
  An eye of draining (D:9)
  4 boggarts (D:13)
  6 ogres
  10 centaurs
  5 big kobolds
  4 bullfrogs
  2 scorpions
  The ghost of enozym the Shield-Bearer, a weakling TrFi (D:3)
  4 killer bees (D:11)
  8 wights
  2 howler monkeys
  6 electric eels (D:12)
  6 crimson imps
  2 centaur zombies
  2 bullfrog zombies
  2 jellies
  9 hounds
  7 orc priests
  2 quasits
  3 bullfrog skeletons
  6 orc wizards
  2 iguanas (D:9)
  6 worker ants
  2 hound zombies (D:10)
  3 hound skeletons
  A worker ant zombie (D:5)
  A howler monkey zombie (D:10)
  15 adders
  2 shadow imps
  4 oozes
  An adder skeleton (D:5)
  An adder zombie (D:9)
  3 worms
  2 dart slugs
  6 leopard geckos
  75 orcs
  3 ball pythons
  12 bats
  5 giant cockroaches
  8 hobgoblins
  6 jackals
  23 kobolds
  5 quokkas
  8 frilled lizards
  4 goblins
  A leopard gecko skeleton (D:9)
  A leopard gecko zombie (D:5)
  16 rats
364 creatures vanquished.

Vanquished Creatures (others)
  4 slaves (D:6)
  A big kobold (D:6)
  4 orcs (D:10)
  4 kobolds (D:6)
13 creatures vanquished.

Grand Total: 377 creatures vanquished

Notes
Turn   | Place    | Note
-------+----------+-------------------------------------------
     0 | D:1      | ChungusAmongUs the Minotaur Berserker began the quest for the Orb.
     0 | D:1      | Reached XP level 1. HP: 19/19 MP: 0/0
   269 | D:1      | Reached XP level 2. HP: 23/26 MP: 1/1
   790 | D:1      | Reached ** piety under Trog
   878 | D:1      | Reached skill level 5 in Maces & Flails
   994 | D:2      | Reached XP level 3. HP: 31/31 MP: 2/2
  1055 | D:2      | Found a hide-covered altar of Uskayaw.
  1055 | D:2      | Noticed a dagger
  1055 | D:2      | Noticed a hand axe
  1408 | D:2      | Reached XP level 4. HP: 39/39 MP: 3/3
  1571 | D:2      | Found a deep blue altar of Sif Muna.
  1883 | D:3      | Noticed a centaur
  1891 | D:3      | Killed a centaur
  1891 | D:3      | Reached XP level 5. HP: 26/45 MP: 4/4
  2041 | D:3      | Noticed enozym's ghost (weakling TrFi)
  2047 | D:3      | Killed enozym's ghost
  2059 | D:3      | Found a radiant altar of Vehumet.
  2088 | D:3      | Found a glowing drain.
  2119 | Sewer    | Entered a sewer
  2166 | Sewer    | Reached *** piety under Trog
  2714 | Sewer    | Reached XP level 6. HP: 51/51 MP: 5/5
  3271 | D:3      | Found an ancient bone altar of Kikubaaqudgha.
  3370 | D:3      | Reached XP level 7. HP: 57/57 MP: 6/6
  3819 | D:4      | Found a sacrificial altar of Ru.
  4019 | D:4      | Reached **** piety under Trog
  4083 | D:4      | Found a sparkling altar of Nemelex Xobeh.
  4605 | D:5      | Entered Level 5 of the Dungeon
  4628 | D:5      | Reached skill level 10 in Maces & Flails
  4808 | D:5      | Noticed Grinder
  4817 | D:5      | Killed Grinder
  4934 | D:5      | Reached XP level 8. HP: 47/64 MP: 7/7
  4940 | D:5      | Found a staircase to the Ecumenical Temple.
  5660 | D:6      | Reached skill level 1 in Shields
  5721 | D:6      | Reached skill level 3 in Armour
  5785 | D:6      | Noticed Pikel
  5792 | D:6      | Killed Pikel
  5792 | D:6      | Reached skill level 5 in Armour
  5919 | D:6      | Noticed Sigmund
  5988 | D:6      | Reached skill level 5 in Shields
  6002 | D:6      | Reached XP level 9. HP: 70/70 MP: 8/8
  6254 | D:6      | Reached ***** piety under Trog
  6269 | D:6      | Reached skill level 6 in Armour
  6623 | D:6      | Killed Sigmund
  6859 | D:7      | Reached skill level 7 in Armour
  7133 | D:7      | Reached skill level 5 in Fighting
  7450 | D:7      | Found an opulent altar of Gozag.
  7573 | D:7      | Reached skill level 8 in Armour
  7728 | D:7      | Found a glowing golden altar of the Shining One.
  7729 | D:7      | Found an iron altar of Okawaru.
  7735 | D:7      | Found a shimmering altar of Xom.
  7735 | D:7      | Found a bloodstained altar of Trog.
  7739 | D:7      | Found a white marble altar of Elyvilon.
  8112 | D:9      | Noticed Psyche
  8127 | D:9      | Killed Psyche
  8244 | D:9      | Noticed Erolcha
  8246 | D:9      | Paralysed by Erolcha for 5 turns
  8279 | D:9      | Reached skill level 9 in Armour
  8281 | D:9      | Killed Erolcha
  8281 | D:9      | Reached skill level 5 in Dodging
  8281 | D:9      | Reached XP level 10. HP: 6/83 MP: 0/9
  8982 | D:9      | HP: 2/84 [orc warrior/trident (7)]
  8991 | D:9      | Reached skill level 10 in Armour
  9328 | D:10     | Entered Level 10 of the Dungeon
  9351 | D:10     | Found a roughly hewn altar of Beogh.
  9527 | D:10     | Received a gift from Trog
  9677 | D:10     | Found a roughly hewn altar of Beogh.
  9677 | D:10     | Found a staircase to the Orcish Mines.
 10071 | D:10     | Noticed a two-headed ogre
 10080 | D:10     | Killed a two-headed ogre
 10080 | D:10     | Reached skill level 11 in Armour
 10086 | D:10     | Found a stormy altar of Qazlal.
 10660 | D:10     | Noticed a two-headed ogre
 10667 | D:10     | Killed a two-headed ogre
 10690 | D:10     | Killed an unseen horror
 10690 | D:10     | Reached XP level 11. HP: 55/94 MP: 10/10
 11169 | D:11     | Reached skill level 12 in Armour
 11603 | D:11     | Noticed a cyan ugly thing
 11615 | D:11     | Killed a cyan ugly thing
 11822 | D:11     | Noticed a yaktaur captain
 11838 | D:11     | Killed a yaktaur captain
 12372 | D:11     | Found a staircase to the Lair.
 12516 | D:11     | Noticed a white ugly thing
 12524 | D:11     | HP: 3/97 [white ugly thing (24)]
 12528 | D:11     | Killed a white ugly thing
 12528 | D:11     | Reached skill level 13 in Armour
 12756 | D:11     | Received a gift from Trog
 13102 | D:12     | Got a crude buckler
 13113 | D:12     | Identified the +3 buckler of Resourcefulness {*Drain Int+3 Stlth+} (You took it off a crimson imp on level 12 of the Dungeon)
 13125 | D:12     | Noticed a two-headed ogre
 13144 | D:12     | Killed a two-headed ogre
 13167 | D:12     | Noticed a white ugly thing
 13187 | D:12     | Killed a white ugly thing
 13559 | D:12     | Reached skill level 14 in Armour
 13692 | D:13     | Reached skill level 10 in Fighting
 13692 | D:13     | Reached XP level 12. HP: 96/106 MP: 11/11
 13784 | D:13     | Noticed an ogre mage
 13784 | D:13     | Noticed a two-headed ogre
 13784 | D:13     | Noticed a two-headed ogre
 13784 | D:13     | Noticed a two-headed ogre
 13797 | D:13     | Noticed a two-headed ogre
 13853 | D:13     | Noticed a two-headed ogre
 14016 | D:13     | HP: 5/106 [enormous slime creature (60)]
 14264 | D:13     | Received a gift from Trog
 14533 | D:13     | Found Mowajec's Weapon Emporium.
 14566 | D:13     | Demolished by an enormous slime creature

Skill      XL: |  1  2  3  4  5  6  7  8  9 10 11 12 |
---------------+-------------------------------------+-----
Maces & Flails | 4 5 7 8 9 11 12 | 12.6
Shields        | 5 |  5.7
Armour         | 5 9 11 14 | 14.5
Fighting       | 6 8 10 | 10.2
Dodging        | 5 6 8 9 |  9.2

Action                   |  1- 3 |  4- 6 |  7- 9 | 10-12 || total
-------------------------+-------+-------+-------+-------++-------
Melee: Mace              |    67 |   132 |       |       ||   199
       Headbutt          |     9 |    19 |    59 |   140 ||   227
       Flail             |       |    11 |   333 |   368 ||   712
       Morningstar       |       |       |       |   236 ||   236
Invok: Berserk           |       |     2 |     1 |     5 ||     8
       Trog's Hand       |       |     1 |       |     2 ||     3
       Burn Spellbooks   |       |       |     2 |     1 ||     3
  Use: Scroll            |     1 |     3 |    12 |     3 ||    19
       Potion            |       |       |       |     4 ||     4
 Stab: Paralysed         |       |       |     1 |       ||     1
  Eat: Chunk             |     2 |     3 |     3 |     5 ||    13
       Bread ration      |       |     1 |       |     2 ||     3
       Meat ration       |       |       |     3 |     3 ||     6
Armor: Animal skin       |     5 |       |       |       ||     5
       Leather armour    |     7 |       |       |       ||     7
       Scale mail        |     1 |    72 |    72 |       ||   145
       Crystal plate arm |       |       |    61 |   420 ||   481
Dodge: Dodged            |    45 |    88 |    84 |   231 ||   448
Block: Buckler           |       |       |    29 |   201 ||   230
